 Dungeon Crawl Stone Soup version 0.19.0-2-gae57169 (webtiles) character file.

456456 l0ser140 the Impregnable (level 25, -11/183 HPs)
             Began as a Human Fighter on Nov 6, 2016.
             Was the Champion of Okawaru.
             Killed from afar by a shadow dragon (57 damage)
             ... with a bolt of negative energy
             ... on level 4 of the Vaults.
             The game lasted 05:51:51 (74668 turns).

l0ser140 the Impregnable (Human Fighter)           Turns: 74668, Time: 05:51:52

Health: -11/183    AC: 38    Str: 43      XL:     25   Next: 61%
Magic:  27/33      EV:  9    Int: 10      God:    Okawaru [******]
Gold:   4770       SH: 37    Dex: 23 (24) Spells: 0 memorised, 24 levels left

rFire  . . .     SeeInvis +     v - +7 long sword of the Lonely Places {slice, MR+ Str+3}
rCold  . . .     Gourm    .     E - +0 crystal plate armour
rNeg   . . .     Faith    .     B - +7 large shield of the Merchant {MR+ rCorr Int-5 Dex+6}
rPois  .         Spirit   .     X - -1 helmet of the Earth {Str+3 Int+3}
rElec  +         Reflect  +     c - +0 cloak of the Grue {*Corrode Regen+ Str+7 Dex+4}
rCorr  +         Harm     .     b - +1 pair of gloves "Gemm" {rElec Str+4 Dex+2}
MR     ++++.     Rnd*Rage +     r - +2 pair of boots {run}
Stlth  ..........               j - +3 amulet of reflection
                                e - ring of see invisible
                                l - ring of protection from magic

@: heroism, finesse, very heavily drained, quick
A: berserk 1, deterioration 1, frail 1
a: Heroism, Finesse, Renounce Religion
}: 2/15 runes: decaying, gossamer


You were on level 4 of the Vaults.
You worshipped Okawaru.
Okawaru was exalted by your worship.
You were not hungry.

You visited 9 branches of the dungeon, and saw 44 of its levels.
You visited the Abyss 1 time.
You also visited: Labyrinth, Ossuary and Ice Cave.

You collected 6644 gold pieces.
You spent 1874 gold pieces at shops.

Inventory:

Hand Weapons
 v - the +7 long sword of the Lonely Places (weapon) {slice, MR+ Str+3}
   (You took it off a deep elf annihilator on level 3 of the Elven Halls)

   It inflicts extra damage upon your enemies.
   It affects your strength (+3).
   It affects your resistance to hostile enchantments.
 D - a +0 scimitar of flaming
   (You took it off Erica on level 2 of the Lair of Beasts)
Missiles
 o - 24 steel javelins (quivered)
 N - 20 javelins of penetration
Armour
 b - the +1 pair of gloves "Gemm" (worn) {rElec Str+4 Dex+2}
   (You bought it in a shop on level 12 of the Dungeon)

   It affects your strength (+4).
   It affects your dexterity (+2).
   It insulates you from electricity.
 c - the +0 cloak of the Grue (worn) {*Corrode Regen+ Str+7 Dex+4}
   (Okawaru gifted it to you on level 2 of the Depths)

   It affects your strength (+7).
   It affects your dexterity (+4).
   It increases your rate of regeneration.
   It may corrode you when you take damage.
 r - a +2 pair of boots of running (worn)
   (Okawaru gifted it to you on level 1 of the Swamp)
 B - the +7 large shield of the Merchant (worn) {MR+ rCorr Int-5 Dex+6}
   (You found it on level 4 of the Swamp)

   It affects your intelligence (-5).
   It affects your dexterity (+6).
   It affects your resistance to hostile enchantments.
   It protects you from acid and corrosion.
 E - a +0 crystal plate armour (worn)
 X - the -1 helmet of the Earth (worn) {Str+3 Int+3}
   (You bought it in a shop on level 2 of the Orcish Mines)

   It affects your strength (+3).
   It affects your intelligence (+3).
Jewellery
 d - a cursed ring of loudness
   (You found it on level 4 of the Vaults)
 e - a ring of see invisible (right hand)
   (You found it on level 2 of the Dungeon)
 i - an uncursed ring of protection from fire
   (You found it on level 1 of the Dungeon)
 j - a +3 amulet of reflection (around neck)
   (You took it off an orc on level 3 of the Dungeon)
 l - a ring of protection from magic (left hand)
   (You found it on level 11 of the Dungeon)
 O - the ring "Xotacvan" {rC+ Str+2 Stlth+}
   (You found it on level 4 of the Spider Nest)

   [ring of protection from cold]

   It affects your strength (+2).
   It protects you from cold.
   It makes you more stealthy.
 V - an uncursed ring of poison resistance
   (You took it off a deep elf death mage on level 3 of the Elven Halls)
 Y - an uncursed ring of protection from cold
   (You found it on level 6 of the Lair of Beasts)
Wands
 n - a wand of acid (12/15)
 s - a wand of disintegration (3/24)
 w - a wand of iceblast (6/15)
 y - a wand of teleportation (3/9)
 G - a wand of lightning (1/15)
 H - a wand of digging (13/24)
 W - a wand of heal wounds (5/9)
 Z - a wand of hasting (6/9)
Scrolls
 u - 18 scrolls of remove curse
 x - 3 scrolls of fear
 A - 15 scrolls of identify {@r1}
 F - 10 scrolls of teleportation
 I - 2 scrolls of magic mapping
 J - a scroll of blinking
 K - 4 scrolls of recharging
 Q - 2 scrolls of summoning
 S - 3 scrolls of fog
 T - a scroll of silence
Potions
 a - a potion of magic
 g - 3 potions of lignification
 h - 8 potions of ambrosia
 m - 5 potions of cancellation
 p - a potion of agility
 q - 5 potions of heal wounds
 t - a potion of might
 P - 2 potions of invisibility
 R - 13 potions of curing
 U - a potion of resistance
Miscellaneous
 M - a lamp of fire
Comestibles
 f - 14 bread rations
 k - 16 royal jellies
 z - a chunk of flesh
 C - 16 meat rations
 L - 5 fruits


   Skills:
 - Level 18.2(18.5) Fighting
 - Level 14.3(15.0) Long Blades
   Level 1.2(3.0) Polearms
 - Level 7.7(8.9) Throwing
 * Level 24.3(22.0) Armour
 - Level 18.4(18.8) Shields
 - Level 13.6(9.8) Invocations
 - Level 7.4(4.2) Evocations


You had 24 spell levels left.
You didn't know any spells.

Dungeon Overview and Level Annotations

Branches:
Dungeon (15/15)            Temple (1/1) D:7            Lair (6/6) D:10
  Swamp (4/4) Lair:3       Spider (4/4) Lair:2        Slime (0/5) Lair:5
    Orc (2/2) D:11            Elf (3/3) Orc:2        Vaults (5/5) D:13
  Crypt (0/3) Vaults:3     Depths (4/5) D:15

Altars:
Ashenzari
Cheibriados
Dithmenos
Elyvilon
Fedhas
Gozag
Hepliaklqana
Kikubaaqudgha
Makhleb
Nemelex Xobeh
Okawaru
Qazlal
Ru
Sif Muna
Trog
Uskayaw
Vehumet
Xom
Yredelemnul
Zin
The Shining One
Beogh
Jiyva

Shops:
D:8 *   D:12 *   Orc:2 [=(*   Vaults:1 *   Vaults:4 :?

Portals:
Hell: Depths:1 Depths:3 Depths:4
Abyss: Depths:2
Pandemonium: Depths:1 Depths:2 Depths:3

Annotations:
D:5 Edmund
Vaults:5 Margery


Innate Abilities, Weirdness & Mutations

You tend to lose your temper in combat.
Your body sometimes deteriorates upon taking damage.
You are frail. (-10% HP)


Message History

You kill the tentacled monstrosity!
Okawaru accepts your kill.
You slice the shadow dragon!!
The shadow dragon is moderately wounded.
You block the warg's attack.
You hit the shadow dragon but do no damage.
The shadow dragon is moderately wounded.
You block the orc warrior's attack.
You slash the shadow dragon!
The shadow dragon is moderately wounded.
The warg bites you but does no damage.
You block the ironbrand convoker's attack.
You closely miss the shadow dragon.
The shadow dragon is moderately wounded.
You block the shadow dragon's attack. x2
The shadow dragon claws you but does no damage.
You hit the shadow dragon but do no damage.
The shadow dragon is moderately wounded.
You block the warg's attack. You block the orc warrior's attack.
You barely miss the shadow dragon.
The shadow dragon is moderately wounded.
The ironbrand convoker points at the ogre mage and mumbles some strange words.
The ogre mage seems to grow stronger.
The shadow dragon breathes negative energy at you.
The bolt of negative energy hits you!
You feel drained.
* * * LOW HITPOINT WARNING * * *
Huge Dmg: -17%(-31hp) hp: 15%(27hp) Evoke which item? (* to show all) (? for menu, Esc to quit)
Okay, then.
You feel much better. You block the warg's attack.
You block the orc warrior's attack.
You block the ironbrand convoker's attack.
The shadow dragon bites you but does no damage.
The shadow dragon closely misses you. You block the shadow dragon's attack.
The warg misses you.
Okay, then.
Okay, then.
Unknown command.
Okay, then.
As you read the scroll of fear, it crumbles to dust.
You assume a fearsome visage.
The ironbrand convoker looks frightened!
The ogre mage easily resists.
The orc warrior looks frightened!
The shadow dragon easily resists.
The two-headed ogre looks frightened!
The warg looks frightened!
The shadow dragon breathes negative energy at you.
The bolt of negative energy hits you!
You feel drained.
You die...

...#.#.#...# #..# #.[# #.....
...#.#.#..## #..# #..# #.....
...'......######..# #.(#####.....
...#.#....##[[[...###[.....#.....
...#.#.#####[[.....#.......'.....
...+.......######.)o).######.....
...#####.#.# ##p>[## ######
...##....#.######.))[.###### #
...##......'....♂DO#.......# #
...##..#.#.#......###......# #
####...#.#.#####.h# #..##### #
#...#...# #..# #..# # #...#####
#..# #..# # ##### #..# #..# #
#### #### #


You could see a shadow dragon, an ogre mage, an ironbrand convoker (fleeing), a
warg (fleeing) and an orc warrior (fleeing).

Vanquished Creatures
  Mara (Elf:3)
  Sojobo (Depths:2)
  the Lernaean hydra (Swamp:4)
  Nikola (Swamp:1)
  Arachne (Spider:2)
  Jorgrun (Swamp:2)
  A tentacled monstrosity (Vaults:4)
  Asterion (Spider:4)
  5 deep elf blademasters (Elf:2 Elf:3)
  A lich (Depths:2)
  A titan (Depths:3)
  A deep elf master archer (Elf:3)
  2 sphinxes (Depths:1 Vaults:4)
  2 thorn hunters (Swamp:1 Swamp:3)
  Kirke (D:12)
  A shadow dragon (Vaults:4)
  Frances (Spider:1)
  Gastronok (D:11)
  Agnes (D:15)
  5 tengu reavers (Depths:2 Vaults:4)
  Donald (Vaults:3)
  9 vault wardens (Vaults:1 Vaults:2 Vaults:3 Vaults:4)
  4 ghost moths (Spider:1 Spider:4)
  5 frost giants (Depths:1 Depths:2 Depths:3)
  3 deep elf sorcerers (Elf:3)
  2 orc warlords (Orc:2 Elf:3)
  2 emperor scorpions (Spider:3 Spider:4)
  3 fire giants (Depths:1 Depths:3 Depths:4)
  A caustic shrike zombie (Depths:2)
  Louise (Elf:3)
  4 deep elf elementalists (Elf:1 Elf:3)
  4 reapers (Depths:1 Depths:2 Depths:3)
  11 ironheart preservers (Vaults:1 Vaults:2 Vaults:3 Vaults:4)
  A juggernaut skeleton (Depths:2)
  2 caustic shrike skeletons (Depths:2)
  7 very ugly things (Depths:1 Depths:2 Depths:3 Depths:4)
  3 entropy weavers (Spider:2 Spider:3 Vaults:3)
  9 deep elf demonologists (Depths:3 Elf:1 Elf:2 Elf:3)
  7 deep elf annihilators (Elf:3 Vaults:3)
  4 large abominations (Elf:3 Vaults:2)
  Nessos (D:12)
  14 stone giants (Depths:1 Depths:2 Depths:3 Vaults:1 Vaults:3)
  A vampire knight (Depths:1)
  2 spark wasps (Spider:4)
  9 ettins (Depths:2 Depths:3 Vaults:4)
  A minotaur (Lab)
  11 deep elf death magi (Depths:1 Depths:2 Elf:3 Vaults:2)
  A merfolk impaler (D:15)
  6 fire dragons (Depths:1 Depths:2 Depths:3 Depths:4)
  8 deep elf high priests (Elf:1 Elf:3)
  7 yaktaur captains (Vaults:2 Vaults:3 Vaults:4)
  3 great orbs of eyes (Depths:2 Vaults:4)
  Erolcha (D:11)
  The ghost of no0bjke the Basher, a journeyman GrFi of Okawaru (Lair:3)
  Fannar (D:12)
  2 ghost crabs (Swamp:1 Swamp:4)
  A rakshasa (Depths:2)
  26 hydras (Lair:3 Lair:5 Lair:6 D:13 D:14)
  The ghost of Aelig the Carver, a journeyman TeMo of Cheibriados (D:13)
  32 vault guards (Vaults:1 Vaults:2 Vaults:3 Vaults:4)
  A hydra (shapeshifter) (Vaults:2)
  A catoblepas (Lair:6)
  5 ice dragons (Depths:1 Depths:2 Depths:3 Vaults:4)
  A monstrous demonspawn (Depths:3)
  11 centaur warriors (D:13 D:15 Depths:1 Depths:2 Vaults:1)
  3 spriggan air magi (Depths:3)
  20 ogre magi (D:15 Depths:1 Depths:2 Vaults:1 Vaults:2)
  Erica (Lair:2)
  An anaconda (shapeshifter) (Depths:2)
  8 deep troll shamans (Lair:6 Depths:2 Depths:3 Vaults:2 Vaults:4)
  27 dancing weapons (Elf:1 Elf:2 Elf:3)
  2 death knights (Vaults:1 Vaults:3)
  12 alligators (Swamp:1 Swamp:2 Swamp:3)
  5 deep troll earth magi (Depths:3)
  7 death yaks (Lair:6)
  3 orc high priests (Orc:2 Elf:3)
  9 tengu warriors (D:12 D:15 Depths:1 Depths:2 Depths:3)
  Urug (Orc:2)
  The ghost of Razmath the Carver, a novice DsGl of Ashenzari (Orc:1)
  A vampire mage (Depths:2)
  24 deep elf knights (Elf:1 Elf:2 Elf:3 Vaults:2 Vaults:3)
  3 iron trolls (Depths:2)
  2 thrashing horrors (Abyss:3)
  A sun demon (Depths:2)
  3 soul eaters (Depths:2)
  A small abomination (Vaults:2)
  A shadow wraith (Vaults:3)
  5 skeletal warriors (D:13)
  5 glowing orange brains (Depths:1 Depths:2 Depths:3)
  14 deep trolls (Depths:2 Depths:3 Vaults:2 Vaults:4)
  A spriggan druid (Swamp:2)
  8 swamp dragons (Lair:3 Swamp:3 Swamp:4)
  A spark wasp zombie (Depths:2)
  4 unseen horrors (D:11 D:12 D:13 D:14)
  16 deep elf archers (Elf:1 Elf:2 Elf:3 Vaults:2 Vaults:3)
  3 flayed ghosts (Depths:3 Vaults:3 Vaults:4)
  4 wizards (D:15 Vaults:1)
  A lindwurm (Lair:6)
  A sphinx zombie (Depths:2)
  12 hill giants (D:11 D:10 D:12 D:14 D:15)
  9 ironbrand convokers (Vaults:1 Vaults:2 Vaults:3 Vaults:4)
  23 orc knights (D:11 Orc:2 Elf:1 Elf:3 Vaults:2)
  6 harpies (Vaults:3 Vaults:4)
  9 necromancers (Depths:2 Depths:3 Vaults:4)
  41 ugly things (IceCv D:11 Orc:1 D:12 D:13)
  31 wolf spiders (Spider:1 Spider:2 Spider:3 Spider:4 Vaults:2)
  64 deep elf magi (Elf:1 D:14 Elf:2 Elf:3 Vaults:2)
  2 fire giant zombies (Depths:2)
  A harpy (shapeshifter) (Vaults:2)
  16 orb spiders (Spider:1 Spider:2 Spider:3 Spider:4)
  4 orc sorcerers (Orc:1 Orc:2 Elf:2)
  An orb spider (shapeshifter) (Depths:1)
  3 cyclopes (Orc:2 D:13 Vaults:1)
  3 manticores (D:10 D:12 D:14)
  A frost giant skeleton (Depths:2)
  A frost giant zombie (Depths:2)
  A rust devil (Depths:1)
  2 iron dragon skeletons (Depths:2)
  2 moths of wrath (Spider:1 Spider:2)
  2 fire giant skeletons (Depths:2)
  13 vault sentinels (Vaults:1 Vaults:2 Vaults:3 Vaults:4)
  4 stone giant skeletons (Depths:2 Vaults:4)
  2 naga magi (D:15)
  A titan simulacrum (Vaults:4)
  6 gargoyles (Lab D:12 D:13)
  12 spiny frogs (Lair:1 Lair:2 Lair:3 Lair:4 Lair:5)
  10 elephants (Lair:5 Lair:6)
  3 black mambas (Lair:3 Lair:4)
  A spiny frog (shapeshifter) (Depths:1)
  2 torpor snails (Spider:1 Spider:3)
  An elf skeleton (Depths:2)
  3 kobold demonologists (D:13 D:15 D:11)
  2 spriggan skeletons (Depths:2)
  13 komodo dragons (Lair:1 Lair:2 Lair:3 Lair:4 Lair:5)
  2 rime drakes (shapeshifter) (Elf:3 Vaults:4)
  A rime drake (Lair:3)
  7 freezing wraiths (D:13 Vaults:1 Vaults:2 Vaults:3 Vaults:4)
  2 ice devils (Depths:1 Depths:3)
  37 yaktaurs (Depths:1 Depths:3 Vaults:1 Vaults:2 Vaults:3)
  12 demonic crawlers (Spider:1 Spider:2 Spider:3)
  A yaktaur (shapeshifter) (Vaults:3)
  4 tengu conjurers (D:12 Depths:1 Depths:2)
  14 hornets (D:15 Swamp:2 Spider:2 Spider:4 Vaults:2)
  2 red devils (Depths:3)
  2 queen bees (shapeshifter) (Vaults:4)
  3 meliai (D:14)
  2 meliai (shapeshifter) (Vaults:3 Vaults:4)
  5 polar bears (Lair:6)
  A queen bee (Lair:1)
  9 tyrant leeches (Lair:3 Swamp:1 Swamp:2 Swamp:3 Swamp:4)
  9 trolls (D:11 Orc:2 D:13 D:15 Vaults:2)
  22 jumping spiders (Spider:1 Spider:2 Spider:3 Spider:4)
  42 two-headed ogres (D:9 D:11 D:12 D:13 D:15)
  A tengu simulacrum (Vaults:1)
  15 bog bodies (Swamp:1 Swamp:3 Swamp:4)
  A raiju (shapeshifter) (Depths:1)
  A hornet (shapeshifter) (D:13)
  16 blink frogs (Lair:3 Lair:5)
  3 hippogriffs (shapeshifter) (Vaults:1 Vaults:4)
  2 spriggan zombies (Depths:2)
  29 slime creatures (D:11 D:12 D:13 Lair:3 Swamp:1)
  A frost giant simulacrum (Vaults:4)
  14 hippogriffs (D:7 D:11 Lair:1 Lair:3 Lair:4)
  A stone giant simulacrum (Depths:2)
  61 redbacks (Spider:1 Spider:2 Spider:3 Spider:4 Vaults:3)
  13 water elementals (D:13 Depths:1 D:15 Depths:2 Depths:4)
  A vampire (D:15)
  A shadow (D:13)
  6 spriggans (Swamp:2 Swamp:1 Swamp:4)
  2 wyverns (D:14 Lair:3)
  9 air elementals (Depths:3 Depths:4 Elf:1 Elf:3)
  A human (D:11)
  29 tarantellas (Spider:1 Spider:2 Spider:3 Spider:4 Vaults:3)
  42 yaks (D:6 D:5 D:10 Lair:1 Lair:3)
  A fire bat (D:6)
  6 hogs (D:9 D:11 D:12)
  A fire elemental (Elf:1)
  7 basilisks (Lair:1 Lair:4 Lair:6 D:13 D:15)
  17 vampire mosquitoes (D:14 Swamp:3)
  2 chaos spawn (Depths:1)
  6 hungry ghosts (D:8 D:9 Lab)
  A steam dragon (D:11)
  Menkaure (Ossuary)
  10 insubstantial wisps (Lair:3 Swamp:1 Swamp:2)
  4 mottled dragons (Vaults:2)
  20 swamp worms (Lair:3 Swamp:1 Swamp:2 Swamp:3 Swamp:4)
  7 wargs (D:10 Orc:1 Orc:2 Vaults:4)
  A soldier ant (shapeshifter) (Depths:3)
  A tengu skeleton (Depths:2)
  6 water moccasins (D:7 Lair:1 Lair:4 Lair:5)
  8 porcupines (Lair:2 Lair:3 Lair:5 Lair:1)
  13 swamp drakes (Swamp:1 Swamp:2 Swamp:3 Swamp:4)
  An eye of draining (shapeshifter) (Vaults:4)
  49 orc warriors (D:9 D:10 Orc:1 D:11 Orc:2)
  An ettin simulacrum (Depths:2)
  5 black bears (D:9 D:12 Lair:2 Lair:6)
  An eye of draining (D:9)
  9 ice beasts (D:8 IceCv D:11 D:12)
  4 sky beasts (D:7 D:10 D:12 D:14)
  21 boggarts (D:15 Depths:1 Depths:3 Vaults:1 Vaults:2)
  2 hornet zombies (D:13)
  75 ogres (D:4 D:5 D:6 D:11 Orc:1)
  3 phantoms (D:6 D:9)
  25 centaurs (D:5 D:10 D:12 D:13 D:14)
  20 wolves (Lair:1 Lair:3 Lair:4 Lair:6)
  11 crocodiles (D:11 Lair:1 Lair:2 Lair:4 Lair:5)
  A big kobold (shapeshifter) (Depths:3)
  8 big kobolds (D:7 D:8 D:9 D:11 D:13)
  2 gnoll sergeants (Orc:2 Orc:1)
  21 bullfrogs (D:6 D:7 D:8 D:9 D:10)
  A glowing shapeshifter simulacrum (Depths:2)
  A human simulacrum (Vaults:1)
  4 earth elementals (Elf:1 Elf:2 Elf:3)
  2 water moccasin zombies (D:7 D:10)
  3 wyvern skeletons (D:9 D:12 D:14)
  7 scorpions (D:4 D:5 D:9 D:10 D:12)
  An elf simulacrum (Vaults:4)
  33 killer bees (D:6 D:10 D:11 Lair:1)
  10 howler monkeys (D:6 D:7 D:8 D:10 D:11)
  8 electric eels (D:13 Spider:2 Spider:3)
  10 crimson imps (D:5 D:6 D:8 D:10 D:14)
  A bullfrog zombie (D:13)
  2 centaur zombies (D:8 D:11)
  3 quasits (D:8 D:12 Depths:1)
  5 centaur skeletons (D:4 D:11 D:12)
  33 orc priests (D:3 D:4 D:5 D:6 D:7)
  A gnoll shaman (D:4)
  11 hounds (D:2 D:6 D:8 D:9 D:14)
  2 iron imps (Depths:1)
  2 jellies (D:5 D:14)
  3 bullfrog skeletons (D:5 D:6 D:11)
  3 iguanas (D:8 D:13 D:14)
  40 orc wizards (D:3 D:6 D:7 D:9 D:10)
  Natasha (thrice) (D:4)
  7 worker ants (D:4 D:6 D:8 D:9 D:12)
  A hound zombie (D:11)
  2 hound skeletons (D:4 D:6)
  3 mummies (Ossuary)
  A howler monkey zombie (D:10)
  2 worker ant zombies (D:6 D:11)
  Robin (D:3)
  14 gnolls (D:1 D:4 D:5 Orc:2 Orc:1)
  17 adders (D:2 D:3 D:5 D:6 D:7)
  4 shadow imps (D:6 D:8 D:10 Depths:1)
  2 white imps (Depths:1 Depths:2)
  3 ufetubi (Depths:1)
  An ooze (D:1)
  An adder zombie (D:6)
  2 adder skeletons (D:7 D:8)
  A worm (D:2)
  3 dart slugs (D:1)
  7 leopard geckos (D:1 D:5 D:6 D:7 D:9)
  97 orcs (D:3 D:4 D:5 D:6 D:7)
  9 giant cockroaches (D:1 D:2 D:3 D:4 D:5)
  6 gnoll zombies (Ossuary)
  9 hobgoblins (D:1 D:2 D:3)
  23 jackals (D:2 D:3 D:6 D:9 D:10)
  24 kobolds (D:2 D:3 D:7 D:8 D:9)
  3 quokkas (D:2 D:5 D:10)
  A ball python (D:4)
  12 bats (D:1 D:2 D:3)
  6 frilled lizards (D:1 D:3 D:4)
  A gnoll skeleton (Ossuary)
  17 goblins (D:1 D:2 D:3)
  A goblin skeleton (Ossuary)
  A goblin zombie (Ossuary)
  3 hobgoblin skeletons (Ossuary)
  2 hobgoblin zombies (Ossuary)
  2 kobold skeletons (Ossuary)
  3 kobold zombies (Ossuary)
  An orc skeleton (Ossuary)
  A quokka skeleton (D:5)
  12 rats (D:1 D:2 D:3)
  4 rat skeletons (Ossuary)
  2 rat zombies (Ossuary)
  A briar patch (Swamp:3)
2066 creatures vanquished.

Vanquished Creatures (others)
  A deep elf master archer (Elf:3)
  A ghost moth (Spider:4)
  A stone giant (Depths:2)
  A merfolk javelineer (Depths:2)
  A yaktaur captain (Depths:2)
  An ogre mage (Depths:3)
  2 centaur warriors (Depths:4 Vaults:2)
  A deep elf knight (Elf:1)
  A spriggan druid (Swamp:4)
  A swamp dragon (Lair:3)
  3 deep elf archers (Elf:2 Elf:3 Vaults:2)
  2 deep elf magi (Elf:1 Vaults:2)
  A wolf spider (Spider:3)
  A vault sentinel (Vaults:3)
  17 yaktaurs (Depths:2 Depths:3 Vaults:1 Vaults:2 Vaults:4)
  A hornet (Swamp:4)
  A two-headed ogre (Vaults:4)
  A bog body (Swamp:1)
  2 slime creatures (Swamp:1)
  A redback (Spider:4)
  A human (D:12)
  A swamp worm (Swamp:1)
  A swamp drake (Swamp:4)
  An ogre (Vaults:3)
  7 centaurs (D:8 D:9 D:12 Depths:1)
  An orc wizard (Orc:2)
  2 orcs (Elf:1 Vaults:4)
  A goblin (D:3)
  2 gnoll skeletons (Ossuary)
  7 goblin skeletons (Ossuary)
  A goblin zombie (Ossuary)
  2 hobgoblin skeletons (Ossuary)
  4 hobgoblin zombies (Ossuary)
  3 kobolds (D:3 D:8 D:11)
  A kobold skeleton (Ossuary)
  2 kobold zombies (Ossuary)
  3 orc zombies (Ossuary)
  A rat skeleton (Ossuary)
  A rat zombie (Ossuary)
  9 fungi (Lair:1 Lair:6 Lair:3 Swamp:4)
  7 plants (Lair:6 Lair:3 Swamp:4 Depths:2)
99 creatures vanquished.

Grand Total: 2165 creatures vanquished

Notes
Turn   | Place    | Note
-------+----------+-------------------------------------------
     0 | D:1      | l0ser140 the Human Fighter began the quest for the Orb.
     0 | D:1      | Reached XP level 1. HP: 18/18 MP: 1/1
    49 | D:1      | Huge Dmg: 5 Dmg
    51 | D:1      | Reached XP level 2. HP: 14/24 MP: 2/2
   215 | D:1      | Reached XP level 3. HP: 29/29 MP: 3/3
   270 | D:1      | Huge Dmg: 6 Dmg
   915 | D:2      | Found a burning altar of Makhleb.
   934 | D:2      | Huge Dmg: 4 Dmg
   935 | D:2      | Huge Dmg: 3 Dmg
   938 | D:2      | Reached XP level 4. HP: 8/37 MP: 4/4
  1333 | D:2      | Reached skill level 4 in Fighting
  1435 | D:2      | Reached XP level 5. HP: 40/42 MP: 5/5
  1512 | D:2      | Reached skill level 4 in Shields
  2146 | D:3      | Huge Dmg: 4 Dmg
  2517 | D:3      | Huge Dmg: 6 Dmg
  2520 | D:3      | Huge Dmg: 3 Dmg
  2521 | D:3      | Huge Dmg: 2 Dmg
  2932 | D:3      | Reached skill level 4 in Armour
  3162 | D:3      | Reached XP level 6. HP: 44/49 MP: 6/6
  3294 | D:3      | Noticed Robin
  3341 | D:3      | Killed Robin
  4085 | D:4      | Reached skill level 5 in Fighting
  4085 | D:4      | Reached XP level 7. HP: 41/56 MP: 7/7
  4261 | D:4      | Reached skill level 5 in Shields
  4385 | D:4      | Noticed Natasha
  4395 | D:5      | Entered Level 5 of the Dungeon
  4418 | D:5      | Noticed Edmund
  4439 | D:4      | Killed Natasha
  4543 | D:4      | Reached skill level 3 in Long Blades
  4668 | D:4      | Huge Dmg: 14 Dmg
  4970 | D:5      | Reached skill level 6 in Fighting
  5011 | D:5      | Huge Dmg: 18 Dmg
  5076 | D:4      | Noticed Natasha
  5093 | D:4      | Killed Natasha
  5093 | D:4      | Reached XP level 8. HP: 37/64 MP: 8/8
  5200 | D:4      | Noticed Natasha
  5213 | D:4      | Killed Natasha
  5535 | D:5      | Found a white marble altar of Elyvilon.
  5563 | D:5      | Reached skill level 4 in Long Blades
  5770 | D:5      | Found a glowing golden altar of the Shining One.
  5770 | D:5      | Found a radiant altar of Vehumet.
  5859 | D:5      | Found a bloodstained altar of Trog.
  5861 | D:5      | Found a burning altar of Makhleb.
  6015 | D:5      | Reached skill level 6 in Shields
  6257 | D:6      | Reached skill level 7 in Fighting
  6552 | D:6      | Huge Dmg: 15 Dmg
  6556 | D:6      | Huge Dmg: 24 Dmg
  6832 | D:6      | Found an iron altar of Okawaru.
  6867 | D:6      | Reached XP level 9. HP: 57/72 MP: 9/9
  6962 | D:6      | Reached skill level 5 in Long Blades
  6998 | D:6      | Huge Dmg: 14 Dmg
  6999 | D:6      | Huge Dmg: 12 Dmg
  7368 | D:6      | Huge Dmg: 16 Dmg
  7592 | D:6      | Huge Dmg: 21 Dmg
  7594 | D:6      | Huge Dmg: 27 Dmg
  7668 | D:6      | Reached skill level 8 in Fighting
  8366 | D:6      | Reached skill level 7 in Shields
  8370 | D:6      | Huge Dmg: 13 Dmg
  8376 | D:6      | Huge Dmg: 10 Dmg
  8515 | D:6      | Reached skill level 6 in Long Blades
  8668 | D:5      | Huge Dmg: 13 Dmg
  8676 | D:5      | Huge Dmg: 8 Dmg
  8676 | D:5      | Reached skill level 9 in Fighting
  8956 | D:6      | Huge Dmg: 13 Dmg
  9347 | D:5      | Found a stormy altar of Qazlal.
  9397 | D:6      | Reached XP level 10. HP: 77/83 MP: 10/10
  9553 | D:7      | Found a shimmering altar of Xom.
  9553 | D:7      | Found a shimmering altar of Xom.
  9554 | D:7      | Found a shimmering altar of Xom.
  9554 | D:7      | Found a shimmering altar of Xom.
  9688 | D:7      | Huge Dmg: 14 Dmg
  9689 | D:7      | Huge Dmg: 19 Dmg
 10009 | D:6      | Huge Dmg: 17 Dmg
 10032 | D:6      | Reached skill level 10 in Fighting
 10053 | D:6      | Huge Dmg: 14 Dmg
 10235 | D:6      | Reached skill level 7 in Long Blades
 10510 | D:7      | Found a shimmering altar of Xom.
 10582 | D:7      | Found a staircase to the Ecumenical Temple.
 10591 | Temple   | Entered the Ecumenical Temple
 10821 | D:7      | Found a blossoming altar of Fedhas.
 10998 | D:7      | Reached skill level 5 in Armour
 11209 | D:8      | Found Cuzig's Assorted Antiques.
 11265 | D:8      | Bought a potion of curing for 78 gold pieces
 11265 | D:8      | Bought a potion of curing for 78 gold pieces
 11265 | D:8      | Bought a potion of curing for 78 gold pieces
 11265 | D:8      | Bought a scroll labeled UVUIS IMADYHAU for 26 gold pieces
 11265 | D:8      | Bought a scroll of identify for 52 gold pieces
 11353 | D:8      | Found a sand-covered staircase.
 11443 | Ossuary  | Entered an ossuary
 11727 | Ossuary  | Noticed Menkaure
 11732 | Ossuary  | Killed Menkaure
 12275 | D:8      | Huge Dmg: 18 Dmg
 12680 | D:8      | Huge Dmg: 22 Dmg
 12685 | D:9      | Huge Dmg: 15 Dmg
 12688 | D:9      | Huge Dmg: 21 Dmg
 13030 | D:6      | Became a worshipper of Warmaster Okawaru
 13349 | D:9      | Reached skill level 1 in Invocations
 13418 | D:9      | Reached skill level 2 in Invocations
 13528 | D:9      | Reached skill level 3 in Invocations
 13528 | D:9      | Reached XP level 11. HP: 62/92 MP: 1/13
 13679 | D:9      | Noticed a hill giant
 13908 | D:9      | Reached skill level 4 in Invocations
 13916 | D:9      | Huge Dmg: 17 Dmg
 14400 | D:9      | Reached * piety under Okawaru
 14412 | D:9      | Reached skill level 5 in Invocations
 14469 | D:9      | Got a jewelled trident
 14671 | D:9      | Huge Dmg: 21 Dmg
 14678 | D:9      | Huge Dmg: 19 Dmg
 14726 | D:10     | Entered Level 10 of the Dungeon
 14726 | D:10     | Found a sacrificial altar of Ru.
 15113 | D:10     | Reached skill level 11 in Fighting
 15277 | D:10     | Reached skill level 6 in Armour
 15326 | D:10     | Identified the +5 trident of the Vulture {venom, rPois rN+ Dex+4 Stlth-} (You found it on level 9 of the Dungeon)
 15340 | D:10     | Found a staircase to the Lair.
 15639 | D:10     | Reached skill level 8 in Shields
 15849 | D:10     | Reached ** piety under Okawaru
 16298 | D:10     | Noticed a manticore
 16309 | D:10     | Huge Dmg: 17 Dmg
 16310 | D:10     | Huge Dmg: 18 Dmg
 16618 | D:10     | Huge Dmg: 20 Dmg
 16624 | D:10     | Huge Dmg: 13 Dmg
 16625 | D:10     | Killed a manticore
 16731 | D:10     | Noticed a hill giant
 16741 | D:11     | Found a staircase to the Orcish Mines.
 16845 | Orc:1    | Entered Level 1 of the Orcish Mines
 16845 | Orc:1    | Noticed an orc knight
 16845 | Orc:1    | Noticed Razmath's ghost (novice DsGl)
 16915 | D:11     | Huge Dmg: 21 Dmg
 16928 | D:11     | Killed an orc knight
 16928 | D:11     | Reached skill level 7 in Armour
 16953 | Orc:1    | Huge Dmg: 13 Dmg
 16955 | Orc:1    | Huge Dmg: 16 Dmg
 17283 | Orc:1    | Huge Dmg: 17 Dmg
 17288 | Orc:1    | Huge Dmg: 12 Dmg
 17307 | Orc:1    | Found a frozen archway.
 17314 | Orc:1    | Huge Dmg: 11 Dmg
 17317 | IceCv    | Entered an ice cave
 17317 | IceCv    | Noticed a white ugly thing
 17335 | IceCv    | Huge Dmg: 23 Dmg
 17340 | IceCv    | Huge Dmg: 7 Dmg
 17341 | IceCv    | Huge Dmg: 12 Dmg
 17364 | IceCv    | Huge Dmg: 9 Dmg
 17379 | IceCv    | Huge Dmg: 11 Dmg
 17386 | IceCv    | Huge Dmg: 7 Dmg
 17391 | IceCv    | Huge Dmg: 7 Dmg
 17402 | IceCv    | Killed a red ugly thing
 17402 | IceCv    | Reached *** piety under Okawaru
 17412 | IceCv    | Huge Dmg: 8 Dmg
 17756 | IceCv    | Noticed a white ugly thing
 17757 | IceCv    | Huge Dmg: 47 Dmg
 17983 | D:11     | Huge Dmg: 31 Dmg
 17983 | D:11     | Reached skill level 9 in Shields
 18210 | D:11     | Reached XP level 12. HP: 77/101 MP: 16/16
 18266 | D:11     | Huge Dmg: 26 Dmg
 18582 | D:11     | Reached skill level 8 in Armour
 18591 | D:11     | Huge Dmg: 24 Dmg
 18595 | D:11     | Huge Dmg: 21 Dmg
 19074 | D:11     | Noticed Gastronok
 19162 | D:11     | Huge Dmg: 24 Dmg
 19163 | D:11     | Huge Dmg: 17 Dmg
 19166 | D:11     | Huge Dmg: 17 Dmg
 19167 | D:11     | Huge Dmg: 23 Dmg
 19176 | D:11     | Killed Gastronok
 19176 | D:11     | Reached skill level 9 in Armour
 19176 | D:11     | Reached skill level 10 in Shields
 19180 | D:11     | Huge Dmg: 12 Dmg
 19564 | D:11     | Huge Dmg: 29 Dmg
 19820 | D:11     | Noticed an unseen horror
 19827 | D:11     | Killed an unseen horror
 19827 | D:11     | Reached **** piety under Okawaru
 20562 | D:11     | Reached skill level 11 in Shields
 20570 | D:11     | Reached skill level 10 in Armour
 20726 | D:12     | Noticed Erolcha
 20755 | D:12     | Noticed an unseen horror
 20764 | D:12     | Killed an unseen horror
 20789 | D:12     | Reached XP level 13. HP: 103/107 MP: 17/17
 20812 | D:12     | Huge Dmg: 33 Dmg
 20830 | D:11     | Huge Dmg: 15 Dmg
 20837 | D:11     | Huge Dmg: 13 Dmg
 20838 | D:11     | Huge Dmg: 20 Dmg
 20838 | D:11     | Killed Erolcha
 20838 | D:11     | Reached ***** piety under Okawaru
 21225 | D:10     | Huge Dmg: 22 Dmg
 21231 | D:10     | Huge Dmg: 18 Dmg
 21380 | Lair:1   | Entered Level 1 of the Lair of Beasts
 21396 | Lair:1   | Found a labyrinth entrance.
 21405 | Lab      | Entered a labyrinth
 21539 | Lab      | Huge Dmg: 19 Dmg
 21540 | Lab      | Huge Dmg: 14 Dmg
 21803 | Lab      | Noticed a minotaur
 21812 | Lab      | Huge Dmg: 36 Dmg
 21814 | Lab      | Killed a minotaur
 21814 | Lab      | Reached skill level 11 in Armour
 21814 | Lab      | Reached skill level 12 in Shields
 21845 | Lab      | Gained mutation: You tend to lose your temper in combat. [mutagenic glow]
 22085 | Lair:1   | Reached skill level 1 in Evocations
 22336 | Lair:1   | Reached skill level 2 in Evocations
 22624 | Lair:1   | Reached skill level 3 in Evocations
 23121 | Lair:1   | Received a gift from Okawaru
 23129 | Lair:1   | Reached skill level 1 in Polearms
 23466 | Lair:2   | Noticed Erica
 23474 | Lair:2   | Killed Erica
 23474 | Lair:2   | Reached skill level 4 in Evocations
 23770 | Lair:2   | Found a hole to the Spider Nest.
 24253 | Lair:3   | Noticed no0bjke's ghost (journeyman GrFi)
 24283 | Lair:3   | Huge Dmg: 44 Dmg
 24296 | Lair:3   | Huge Dmg: 12 Dmg
 24722 | Lair:3   | Reached skill level 5 in Evocations
 24798 | Lair:3   | Noticed a four-headed hydra
 24809 | Lair:3   | Killed a one-headed hydra
 24892 | Lair:3   | Reached XP level 14. HP: 104/114 MP: 16/18
 25059 | Lair:3   | Reached skill level 6 in Evocations
 25061 | Lair:3   | Received a gift from Okawaru
 25118 | Lair:3   | Got a spiked hat {god gift}
 25131 | Lair:3   | Identified the +0 hat "Giqosyh" {rElec Regen+ Str+3 Int-3} (Okawaru gifted it to you on level 3 of the Lair of Beasts)
 25289 | Lair:3   | Huge Dmg: 46 Dmg
 25289 | Lair:3   | Killed no0bjke's ghost
 25585 | Lair:3   | Found a staircase to the Swamp.
 25823 | Lair:4   | Reached skill level 7 in Evocations
 25888 | Lair:4   | Reached skill level 12 in Armour
 26056 | Lair:4   | Reached skill level 13 in Shields
 26322 | Lair:4   | Huge Dmg: 25 Dmg
 26397 | Lair:5   | Huge Dmg: 57 Dmg
 26520 | Lair:5   | Huge Dmg: 57 Dmg
 26626 | Lair:5   | Found a staircase to the Slime Pits.
 26643 | Lair:5   | Huge Dmg: 25 Dmg
 26681 | Lair:5   | Found a viscous altar of Jiyva.
 27125 | Lair:6   | Entered Level 6 of the Lair of Beasts
 27435 | Lair:6   | Reached skill level 13 in Armour
 27446 | Lair:6   | Huge Dmg: 33 Dmg
 27657 | Lair:6   | Reached skill level 14 in Shields
 27746 | Lair:6   | Received a gift from Okawaru
 27746 | Lair:6   | Reached XP level 15. HP: 52/120 MP: 20/20
 28776 | Orc:1    | Killed Razmath's ghost
 29032 | Orc:1    | Reached skill level 12 in Fighting
 29086 | Orc:2    | Entered Level 2 of the Orcish Mines
 29466 | Orc:2    | Found a roughly hewn altar of Beogh.
 29529 | Orc:2    | Found a staircase to the Elven Halls.
 29995 | Orc:2    | Noticed Urug
 30060 | Orc:2    | Killed Urug
 30118 | Orc:2    | Noticed an orc warlord
 30148 | Orc:2    | Killed an orc warlord
 30289 | Orc:2    | Found a roughly hewn altar of Beogh.
 30292 | Orc:2    | Found Kiuqikk's Antique Weapon Boutique.
 30324 | Orc:2    | Reached skill level 1 in Throwing
 30389 | Orc:2    | Found Mosunty's General Store.
 30556 | Orc:2    | Found Sonwegu's Jewellery Boutique.
 30574 | Orc:2    | Found Cutiyrorch's Antique Armour Boutique.
 30582 | Orc:2    | Bought a pair of glowing boots for 210 gold pieces
 30582 | Orc:2    | Bought a buckler for 90 gold pieces
 30582 | Orc:2    | Bought an ichor-stained helmet for 190 gold pieces
 30582 | Orc:2    | Identified the -1 helmet of the Earth {Str+3 Int+3} (You bought it in a shop on level 2 of the Orcish Mines)
 31013 | Elf:1    | Entered Level 1 of the Elven Halls
 31082 | Elf:1    | Reached skill level 14 in Armour
 31093 | Elf:1    | Reached skill level 2 in Throwing
 31138 | Elf:1    | Huge Dmg: 37 Dmg
 31327 | D:12     | Found Kirask's General Store.
 31336 | D:12     | Bought a potion of heal wounds for 60 gold pieces
 31336 | D:12     | Bought a scroll of teleportation for 36 gold pieces
 31336 | D:12     | Bought the +1 pair of gloves "Gemm" {rElec Str+4 Dex+2} for 433 gold pieces
 31336 | D:12     | Bought 2 potions of curing for 72 gold pieces
 31593 | D:12     | Noticed Kirke
 31613 | D:12     | Killed Kirke
 31613 | D:12     | Reached skill level 3 in Throwing
 31648 | D:12     | Reached skill level 15 in Shields
 31705 | D:12     | Noticed Fannar
 31718 | D:12     | Killed Fannar
 31734 | D:12     | Noticed Nessos
 31746 | D:12     | Killed Nessos
 31746 | D:12     | Reached XP level 16. HP: 78/129 MP: 14/21
 31977 | D:12     | Reached skill level 13 in Fighting
 32410 | D:13     | Huge Dmg: 32 Dmg
 32419 | D:13     | Reached skill level 4 in Throwing
 32424 | D:13     | Huge Dmg: 22 Dmg
 32430 | D:13     | Huge Dmg: 7 Dmg
 33034 | D:13     | Noticed Aelig's ghost (journeyman TeMo)
 33048 | D:13     | Killed Aelig's ghost
 33160 | D:13     | Reached skill level 5 in Throwing
 33695 | D:13     | Received a gift from Okawaru
 33826 | D:13     | Found a gate to the Vaults.
 34027 | D:14     | Huge Dmg: 47 Dmg
 34153 | D:14     | Huge Dmg: 62 Dmg
 34168 | D:14     | Huge Dmg: 29 Dmg
 34175 | D:14     | Reached skill level 6 in Throwing
 34185 | D:14     | Huge Dmg: 31 Dmg
 34186 | D:14     | Huge Dmg: 17 Dmg
 35000 | D:14     | Huge Dmg: 58 Dmg
 35185 | D:15     | Entered Level 15 of the Dungeon
 35204 | D:15     | Huge Dmg: 62 Dmg
 35366 | D:15     | Received a gift from Okawaru
 35366 | D:15     | Reached skill level 14 in Fighting
 35572 | D:15     | Found a staircase to the Depths.
 35647 | D:15     | Reached skill level 7 in Throwing
 35663 | D:15     | Received a gift from Okawaru
 36465 | D:15     | Received a gift from Okawaru
 36530 | D:15     | Noticed Agnes
 36551 | D:15     | Killed Agnes
 36551 | D:15     | Reached XP level 17. HP: 119/140 MP: 15/22
 36642 | Depths:1 | Entered Level 1 of the Depths
 36966 | Depths:1 | Noticed a tengu reaver
 36966 | Depths:1 | Received a gift from Okawaru
 37119 | Depths:1 | Got a dazzling shortbow
 37120 | Depths:1 | Identified the +2 shortbow of Xekkuoj {freeze, rN+ Int+2 Dex-4 SInv} (You found it on level 1 of the Depths)
 37356 | Depths:1 | Received a gift from Okawaru
 37404 | Depths:1 | Found a gateway to Hell.
 37426 | Depths:1 | Reached skill level 8 in Long Blades
 37959 | Depths:1 | Huge Dmg: 53 Dmg
 38065 | Depths:1 | Huge Dmg: 69 Dmg
 38146 | Depths:1 | Found a one-way gate leading to the halls of Pandemonium.
 38153 | Depths:1 | Huge Dmg: 37 Dmg
 38299 | Depths:1 | Reached skill level 15 in Fighting
 38485 | Depths:2 | Huge Dmg: 29 Dmg
 38836 | Spider:1 | Entered Level 1 of the Spider Nest
 38846 | Spider:1 | Reached skill level 9 in Long Blades
 38914 | Spider:1 | Huge Dmg: 55 Dmg
 38975 | Spider:1 | Got an opalescent robe
 39112 | Spider:1 | Received a gift from Okawaru
 39112 | Spider:1 | Reached skill level 15 in Armour
 39123 | Spider:1 | Huge Dmg: 61 Dmg
 39239 | Spider:1 | Huge Dmg: 21 Dmg
 39254 | Spider:1 | Huge Dmg: 31 Dmg
 39623 | Swamp:1  | Entered Level 1 of the Swamp
 39623 | Swamp:1  | Noticed Nikola
 40128 | Lair:6   | Huge Dmg: 71 Dmg
 40234 | Lair:3   | Received a gift from Okawaru
 40540 | Lair:3   | Reached skill level 6 in Invocations
 40868 | Lair:3   | Huge Dmg: 62 Dmg
 40923 | Swamp:1  | Killed Nikola
 40923 | Swamp:1  | Reached skill level 7 in Invocations
 40963 | Lair:3   | Huge Dmg: 25 Dmg
 41376 | Swamp:1  | Reached XP level 18. HP: 149/149 MP: 23/23
 41587 | Swamp:1  | Huge Dmg: 28 Dmg
 41587 | Swamp:1  | Received a gift from Okawaru
 41587 | Swamp:1  | Reached skill level 8 in Invocations
 41944 | Swamp:1  | Huge Dmg: 35 Dmg
 41956 | Swamp:1  | Huge Dmg: 24 Dmg
 42292 | Swamp:1  | Received a gift from Okawaru
 42306 | Swamp:1  | Identified a +1 pair of boots of running (Okawaru gifted it to you on level 1 of the Swamp)
 42875 | Swamp:1  | Reached skill level 9 in Invocations
 43096 | Swamp:2  | Huge Dmg: 74 Dmg
 43180 | Swamp:2  | Noticed Jorgrun
 43211 | Swamp:2  | Killed Jorgrun
 43380 | Swamp:2  | Reached skill level 10 in Invocations
 43861 | Swamp:2  | Huge Dmg: 54 Dmg
 43924 | Swamp:2  | Found an opulent altar of Gozag.
 44288 | Swamp:3  | Reached skill level 11 in Invocations
 44297 | Swamp:3  | Huge Dmg: 50 Dmg
 44725 | Swamp:3  | Huge Dmg: 14 Dmg
 44739 | Swamp:3  | Huge Dmg: 11 Dmg
 45106 | Swamp:3  | Huge Dmg: 15 Dmg
 45878 | Swamp:3  | Reached skill level 12 in Invocations
 46196 | Swamp:3  | Huge Dmg: 74 Dmg
 46225 | Swamp:4  | Entered Level 4 of the Swamp
 46391 | Swamp:3  | Huge Dmg: 61 Dmg
 46761 | Swamp:3  | Received a gift from Okawaru
 46773 | Swamp:3  | Huge Dmg: 53 Dmg
 46887 | Swamp:3  | Huge Dmg: 32 Dmg
 46890 | Swamp:3  | Huge Dmg: 26 Dmg
 46891 | Swamp:3  | Huge Dmg: 31 Dmg
 46893 | Swamp:3  | Huge Dmg: 18 Dmg
 47237 | Swamp:3  | Huge Dmg: 74 Dmg
 47701 | Swamp:4  | Received a gift from Okawaru
 47703 | Swamp:4  | Reached skill level 13 in Invocations
 48071 | Swamp:3  | Received a gift from Okawaru
 48453 | Swamp:4  | Noticed the 27-headed Lernaean hydra
 48462 | Swamp:4  | Huge Dmg: 31 Dmg
 48463 | Swamp:4  | Huge Dmg: 50 Dmg
 48466 | Swamp:4  | Killed the 25-headed Lernaean hydra
 48466 | Swamp:4  | Reached XP level 19. HP: 50/155 MP: 27/29
 48484 | Swamp:4  | Huge Dmg: 12 Dmg
 48838 | Swamp:4  | Got a decaying rune of Zot
 48989 | Swamp:4  | Huge Dmg: 19 Dmg
 49285 | Swamp:4  | Got a faintly humming large shield
 49296 | Swamp:4  | Identified the +7 large shield of the Merchant {MR+ rCorr Int-5 Dex+6} (You found it on level 4 of the Swamp)
 49562 | Spider:1 | Reached skill level 10 in Long Blades
 49641 | Spider:1 | Received a gift from Okawaru
 49690 | Spider:1 | Huge Dmg: 25 Dmg
 49726 | Spider:1 | Huge Dmg: 14 Dmg
 49840 | Spider:1 | Reached skill level 16 in Shields
 50088 | Spider:1 | Huge Dmg: 42 Dmg
 50439 | Spider:2 | Noticed Frances
 50446 | Spider:1 | Killed Frances
 50546 | Spider:2 | Huge Dmg: 78 Dmg
 50948 | Spider:2 | Huge Dmg: 62 Dmg
 51305 | Spider:2 | Noticed Arachne
 51324 | Spider:2 | Killed Arachne
 51331 | Spider:2 | Huge Dmg: 74 Dmg
 51550 | Spider:2 | Huge Dmg: 52 Dmg
 51886 | Spider:2 | Huge Dmg: 74 Dmg
 51950 | Spider:3 | Huge Dmg: 78 Dmg
 52005 | Spider:3 | Received a gift from Okawaru
 52025 | Spider:3 | Reached skill level 11 in Long Blades
 52060 | Spider:3 | Got a scorched spear {god gift}
 52061 | Spider:3 | Identified the +0 spear of Hard Scrabble {elec, Int+3 Stlth+} (Okawaru gifted it to you on level 3 of the Spider Nest)
 52195 | Spider:3 | Reached skill level 16 in Fighting
 52674 | Spider:3 | Huge Dmg: 43 Dmg
 53045 | Spider:4 | Entered Level 4 of the Spider Nest
 53534 | Spider:4 | Noticed Asterion
 53562 | Spider:4 | Killed Asterion
 53563 | Spider:4 | Huge Dmg: 33 Dmg
 53706 | Spider:4 | Huge Dmg: 68 Dmg
 53721 | Spider:3 | Received a gift from Okawaru
 53895 | Spider:4 | Got a wavering turquoise ring
 53896 | Spider:4 | Identified the ring "Xotacvan" {rC+ Str+2 Stlth+} (You found it on level 4 of the Spider Nest)
 54351 | Spider:4 | Reached XP level 20. HP: 118/166 MP: 0/30
 54935 | Spider:4 | Got a gossamer rune of Zot
 55575 | Depths:1 | Huge Dmg: 79 Dmg
 55705 | Depths:2 | Reached skill level 12 in Long Blades
 55715 | Depths:2 | Received a gift from Okawaru
 55725 | Depths:2 | Reached skill level 17 in Shields
 55737 | Depths:2 | Noticed Sojobo
 55738 | Depths:2 | Got a jewelled cloak {god gift}
 55759 | Depths:1 | Identified the +0 cloak of the Grue {*Corrode Regen+ Str+7 Dex+4} (Okawaru gifted it to you on level 2 of the Depths)
 55868 | Depths:2 | Huge Dmg: 45 Dmg
 55869 | Depths:2 | Huge Dmg: 29 Dmg
 55989 | Depths:2 | Huge Dmg: 35 Dmg
 56000 | Depths:2 | Huge Dmg: 60 Dmg
 56130 | Depths:2 | Huge Dmg: 64 Dmg
 56173 | Depths:2 | Huge Dmg: 37 Dmg
 56322 | Depths:2 | Killed Sojobo
 56487 | Depths:2 | Reached skill level 17 in Fighting
 56509 | Depths:2 | Huge Dmg: 42 Dmg
 56589 | Depths:2 | Huge Dmg: 36 Dmg
 56738 | Depths:2 | Found a one-way gate to the infinite horrors of the Abyss.
 56801 | Depths:1 | Huge Dmg: 31 Dmg
 56886 | Depths:2 | Huge Dmg: 81 Dmg
 57008 | Depths:2 | Huge Dmg: 73 Dmg
 57078 | Depths:2 | Huge Dmg: 71 Dmg
 57107 | Depths:2 | Reached skill level 13 in Long Blades
 57236 | Depths:2 | Huge Dmg: 45 Dmg
 57313 | Depths:2 | Huge Dmg: 23 Dmg
 57316 | Depths:2 | Huge Dmg: 26 Dmg
 57542 | Depths:2 | Reached XP level 21. HP: 158/174 MP: 31/31
 57748 | Depths:2 | Huge Dmg: 23 Dmg
 57905 | Depths:2 | Found an ancient bone altar of Kikubaaqudgha.
 57947 | Depths:1 | Huge Dmg: 87 Dmg
 57984 | Depths:2 | Huge Dmg: 57 Dmg
 57985 | Depths:2 | Huge Dmg: 61 Dmg
 58155 | Depths:2 | Noticed a Brimstone Fiend
 58247 | Depths:2 | Huge Dmg: 85 Dmg
 58333 | Depths:2 | Huge Dmg: 38 Dmg
 58539 | Depths:2 | Received a gift from Okawaru
 58550 | Depths:2 | Huge Dmg: 87 Dmg
 58686 | Depths:2 | Huge Dmg: 88 Dmg
 58749 | Depths:2 | Reached skill level 18 in Shields
 58956 | Depths:2 | Noticed a Tzitzimitl
 58991 | Depths:3 | Huge Dmg: 36 Dmg
 59745 | Depths:3 | Reached skill level 14 in Long Blades
 59760 | Depths:3 | Reached skill level 18 in Fighting
 59769 | Depths:3 | Huge Dmg: 27 Dmg
 59772 | Depths:3 | Huge Dmg: 38 Dmg
 59773 | Depths:3 | Huge Dmg: 21 Dmg
 60157 | Depths:3 | Received a gift from Okawaru
 60168 | Depths:3 | Got a translucent long sword {god gift}
 60171 | Depths:3 | Huge Dmg: 62 Dmg
 60172 | Depths:3 | Identified the +1 long sword of Fate {slice, Str+4} (Okawaru gifted it to you on level 3 of the Depths)
 60175 | Depths:3 | Got a slimy scale mail
 60186 | Depths:3 | Identified the +5 scale mail of Magic {MR+ Int+3} (You found it on level 3 of the Depths)
 60374 | Depths:3 | Got a steaming spear
 60422 | Depths:3 | Huge Dmg: 85 Dmg
 60489 | Depths:3 | Identified the +6 spear "Jaicveum" {drain, Str+7 Int+3} (You found it on level 3 of the Depths)
 60585 | Depths:3 | Found a stormy altar of Qazlal.
 60865 | Depths:3 | Huge Dmg: 84 Dmg
 61164 | Depths:4 | Identified the Papyrus of Transmutation and the Escort
 61342 | Depths:4 | Reached XP level 22. HP: 184/184 MP: 30/32
 61419 | Depths:4 | Huge Dmg: 92 Dmg
 61507 | Depths:4 | Noticed a caustic shrike
 61507 | Depths:4 | Noticed a caustic shrike
 61547 | Depths:4 | Huge Dmg: 43 Dmg
 61673 | Depths:1 | Huge Dmg: 92 Dmg
 62184 | Elf:1    | Reached skill level 16 in Armour
 62422 | Elf:1    | Huge Dmg: 37 Dmg
 62707 | Elf:1    | Huge Dmg: 67 Dmg
 62712 | Elf:1    | Received a gift from Okawaru
 62973 | Elf:1    | Got a pair of ichor-stained boots
 62992 | Elf:1    | Identified the +1 pair of boots of the Swamp {rPois Dex+6 Stlth-} (You found it on level 1 of the Elven Halls)
 63042 | Elf:1    | Huge Dmg: 93 Dmg
 63111 | Elf:2    | Huge Dmg: 77 Dmg
 63201 | Elf:2    | Received a gift from Okawaru
 63458 | Elf:2    | Reached skill level 17 in Armour
 63465 | Elf:2    | Found a runed gate.
 63465 | Elf:2    | Found a runed gate.
 63465 | Elf:2    | Found a runed gate.
 63756 | Elf:2    | Huge Dmg: 92 Dmg
 63840 | Elf:2    | Huge Dmg: 88 Dmg
 63883 | Elf:2    | Huge Dmg: 92 Dmg
 63894 | Elf:2    | Received a gift from Okawaru
 64031 | Elf:2    | Huge Dmg: 87 Dmg
 64062 | Elf:2    | Cast into level 3 of the Abyss (war axe of distortion)
 64098 | Abyss:3  | Found a corrupted altar of Lugonu.
 64136 | Elf:2    | Escaped the Abyss
 64171 | Elf:2    | Huge Dmg: 89 Dmg
 64345 | Elf:3    | Entered Level 3 of the Elven Halls
 64390 | Elf:2    | Huge Dmg: 92 Dmg
 64456 | Elf:3    | Huge Dmg: 92 Dmg
 64510 | Elf:2    | Huge Dmg: 19 Dmg
 64752 | Elf:3    | Reached skill level 18 in Armour
 64820 | Elf:3    | Received a gift from Okawaru
 64916 | Elf:3    | Noticed Louise
 64939 | Elf:3    | Killed Louise
 65089 | Elf:3    | Huge Dmg: 37 Dmg
 65465 | Elf:3    | Found a roughly hewn altar of Beogh.
 65498 | Elf:3    | Received a gift from Okawaru
 65545 | Elf:3    | Huge Dmg: 60 Dmg
 65558 | Elf:3    | Reached XP level 23. HP: 130/190 MP: 33/33
 65571 | Elf:3    | Huge Dmg: 40 Dmg
 65879 | Elf:3    | Huge Dmg: 95 Dmg
 65898 | Elf:3    | Noticed Mara
 65923 | Elf:3    | Killed Mara
 66008 | Elf:3    | Reached skill level 19 in Armour
 66031 | Elf:3    | Huge Dmg: 70 Dmg
 66075 | Elf:3    | Huge Dmg: 21 Dmg
 66080 | Elf:3    | Huge Dmg: 11 Dmg
 66354 | Elf:2    | Huge Dmg: 95 Dmg
 66438 | Elf:3    | Received a gift from Okawaru
 66516 | Elf:3    | Huge Dmg: 71 Dmg
 66574 | Elf:3    | Received a gift from Okawaru
 66819 | Elf:3    | Got a transparent falchion {elec}
 66820 | Elf:3    | Identified the +6 falchion of Triumph {elec, +Fly} (You took it off a deep elf sorcerer on level 3 of the Elven Halls)
 66893 | Elf:3    | Huge Dmg: 85 Dmg
 67067 | Elf:3    | Received a gift from Okawaru
 67074 | Elf:3    | Huge Dmg: 95 Dmg
 67194 | Elf:3    | Reached skill level 20 in Armour
 67216 | Elf:3    | Huge Dmg: 85 Dmg
 67269 | Elf:3    | Huge Dmg: 43 Dmg
 67390 | Elf:3    | Got an encrusted long sword {slice}
 67407 | Elf:3    | Gained mutation: Your body sometimes deteriorates upon taking damage. [a neqoxec]
 67408 | Elf:3    | Gained mutation: You are frail. (-10% HP) [a neqoxec]
 67420 | Elf:3    | Identified the +7 long sword of the Lonely Places {slice, MR+ Str+3} (You took it off a deep elf annihilator on level 3 of the Elven Halls)
 67527 | Elf:3    | Identified the Tome of Damaging Contamination
 67945 | Vaults:1 | Entered Level 1 of the Vaults
 68167 | Vaults:1 | Huge Dmg: 85 Dmg
 68287 | Vaults:1 | Huge Dmg: 82 Dmg
 68326 | Vaults:1 | Found Liveof's General Store.
 68368 | Vaults:1 | Received a gift from Okawaru
 68393 | Vaults:1 | Huge Dmg: 81 Dmg
 68405 | Vaults:1 | Huge Dmg: 35 Dmg
 68421 | Vaults:1 | Reached skill level 21 in Armour
 68421 | Vaults:1 | Reached XP level 24. HP: 104/178 MP: 30/33
 68554 | Vaults:1 | Bought a potion of curing for 45 gold pieces
 68554 | Vaults:1 | Bought a potion of heal wounds for 75 gold pieces
 69326 | Vaults:2 | Huge Dmg: 89 Dmg
 69651 | Vaults:1 | You fall through a shaft!
 69943 | Vaults:2 | Huge Dmg: 84 Dmg
 69957 | Vaults:2 | Huge Dmg: 20 Dmg
 69974 | Vaults:2 | Huge Dmg: 17 Dmg
 70387 | Vaults:2 | Huge Dmg: 89 Dmg
 70447 | Vaults:2 | Huge Dmg: 89 Dmg
 70579 | Vaults:2 | Reached skill level 22 in Armour
 70616 | Vaults:2 | Huge Dmg: 76 Dmg
 71014 | Vaults:2 | Received a gift from Okawaru
 71017 | Vaults:2 | Got a polished plate armour {god gift}
 71028 | Vaults:2 | Identified the +0 plate armour of l0ser140's Defiance {Dex+4} (Okawaru gifted it to you on level 2 of the Vaults)
 71257 | Vaults:3 | Huge Dmg: 89 Dmg
 71504 | Vaults:3 | Huge Dmg: 88 Dmg
 71565 | Vaults:3 | Noticed Donald
 71591 | Vaults:3 | Killed Donald
 71974 | Vaults:3 | Huge Dmg: 42 Dmg
 71982 | Vaults:3 | Huge Dmg: 34 Dmg
 71983 | Vaults:3 | Huge Dmg: 27 Dmg
 72090 | Vaults:3 | Found a radiant altar of Vehumet.
 72161 | Vaults:3 | Found a staircase to the Crypt.
 72161 | Vaults:3 | Found an ancient bone altar of Kikubaaqudgha.
 72162 | Vaults:3 | Found a basalt altar of Yredelemnul.
 72715 | Vaults:4 | Reached skill level 23 in Armour
 72847 | Vaults:4 | Reached XP level 25. HP: 161/183 MP: 33/33
 72928 | Vaults:4 | Huge Dmg: 48 Dmg
 73071 | Vaults:4 | Huge Dmg: 91 Dmg
 73160 | Vaults:4 | Huge Dmg: 41 Dmg
 73165 | Vaults:4 | Huge Dmg: 30 Dmg
 73167 | Vaults:4 | Huge Dmg: 24 Dmg
 73243 | Vaults:4 | Found Yloliwic's Magic Scroll Shop.
 73286 | Vaults:4 | Huge Dmg: 85 Dmg
 73316 | Vaults:4 | Bought a scroll of identify for 36 gold pieces
 73316 | Vaults:4 | Bought a scroll of recharging for 171 gold pieces
 73316 | Vaults:4 | Bought a scroll of teleportation for 54 gold pieces
 73316 | Vaults:4 | Bought a scroll of fog for 36 gold pieces
 73316 | Vaults:4 | Bought a scroll of teleportation for 54 gold pieces
 73446 | Vaults:4 | Reached ****** piety under Okawaru
 73460 | Vaults:4 | Huge Dmg: 65 Dmg
 73462 | Vaults:4 | Received a gift from Okawaru
 74181 | Vaults:4 | Found Gyaruad's Book Shoppe.
 74294 | Vaults:5 | Entered Level 5 of the Vaults
 74327 | Vaults:4 | Huge Dmg: 91 Dmg
 74348 | Vaults:4 | Reached skill level 24 in Armour
 74410 | Vaults:5 | Noticed Margery
 74651 | Vaults:4 | Huge Dmg: 41 Dmg
 74653 | Vaults:4 | Huge Dmg: 32 Dmg
 74657 | Vaults:4 | Huge Dmg: 23 Dmg
 74667 | Vaults:4 | Huge Dmg: 31 Dmg
 74668 | Vaults:4 | Killed from afar by a shadow dragon

Skill      XL: |  1  2  3  4  5  6  7  8  9 10 11 12 13 14 15 16 17 18 19 20 21 22 23 24 25 |
---------------+----------------------------------------------------------------------------+-----
Fighting       | 4 5 6 7 9 10 11 12 14 15 16 17 18 | 18.2
Shields        | 4 5 6 7 9 11 12 14 15 16 17 18 | 18.4
Armour         | 4 5 7 10 11 13 14 15 18 21 23 24 | 24.3
Long Blades    | 3 4 6 7 9 11 13 14 | 14.3
Invocations    | 3 5 7 13 | 13.6
Evocations     | 5 7 |  7.4
Polearms       | 1 |  1.2
Throwing       | 3 7 |  7.7

Action                   |  1- 3 |  4- 6 |  7- 9 | 10-12 | 13-15 | 16-18 | 19-21 | 22-24 | 25-27 || total
-------------------------+-------+-------+-------+-------+-------+-------+-------+-------+-------++-------
Melee: Long sword        |   140 |   503 |   478 |  1154 |   135 |    91 |       |  1088 |   586 ||  4175
       Trident           |       |       |       |   200 |   258 |       |       |       |       ||   458
       Scimitar          |       |       |       |       |  1382 |  1719 |  1891 |  1020 |       ||  6012
       Triple sword      |       |       |       |       |       |       |       |    37 |       ||    37
       Falchion          |       |       |       |       |       |       |       |   128 |       ||   128
Throw: Tomahawk          |       |       |       |       |       |    19 |       |       |       ||    19
       Javelin           |       |       |       |       |       |     2 |       |       |       ||     2
Invok: Heroism           |       |       |       |    21 |    49 |    51 |    36 |    28 |     2 ||   187
       Finesse           |       |       |       |       |    12 |     7 |    10 |     5 |     1 ||    35
 Abil: Stop Flying       |       |       |       |       |       |     2 |       |       |       ||     2
       Evoke Flight      |       |       |       |       |       |     2 |       |       |       ||     2
Evoke: Wand              |       |       |     1 |    20 |     4 |     4 |     5 |     7 |       ||    41
       Fan of gales      |       |       |       |       |     3 |       |       |       |       ||     3
       Lamp of fire      |       |       |       |       |       |     1 |       |     1 |       ||     2
       Sack of spiders   |       |       |       |       |       |       |     1 |       |       ||     1
  Use: Scroll            |     6 |     1 |     4 |    11 |    11 |     8 |    12 |     6 |     2 ||    61
       Potion            |     1 |     7 |     1 |    16 |     2 |     3 |     4 |     3 |     1 ||    38
 Stab: Invisible         |       |       |       |     8 |       |       |       |       |       ||     8
       Petrified         |       |       |       |       |     4 |       |       |       |       ||     4
       Confused          |       |       |       |       |       |     1 |       |       |       ||     1
  Eat: Chunk             |       |    12 |    11 |    20 |    29 |    33 |    13 |    25 |     6 ||   149
       Fruit             |       |       |     2 |     2 |       |     7 |    10 |     1 |       ||    22
       Meat ration       |       |       |     1 |     3 |       |       |       |       |       ||     4
       Beef jerky        |       |       |       |     5 |     1 |     3 |     1 |       |       ||    10
       Bread ration      |       |       |       |       |     2 |       |     5 |     2 |       ||     9
       Pizza             |       |       |       |       |     3 |     8 |     1 |       |     1 ||    13
Armor: Scale mail        |    84 |   251 |   132 |   402 |    12 |       |       |       |       ||   881
       Skin              |       |       |       |    90 |       |       |       |       |       ||    90
       Plate armour      |       |       |       |       |   546 |   484 |   153 |       |       ||  1183
       Swamp dragon scal |       |       |       |       |       |   319 |   244 |       |       ||   563
       Crystal plate arm |       |       |       |       |       |       |    86 |   524 |   195 ||   805
Dodge: Dodged            |    46 |   153 |   106 |   369 |   330 |   544 |   322 |   232 |    78 ||  2180
Block: Shield            |    82 |   410 |   303 |  1184 |  1585 |  1906 |    26 |       |       ||  5496
       Reflection        |       |    10 |     4 |    30 |    18 |    76 |    60 |   156 |    20 ||   374
       Large shield      |       |       |       |       |       |       |  2578 |  2702 |   861 ||  6141
       Other             |       |       |       |       |       |       |       |     2 |       ||     2
       Rpst.: Long sword |    12 |    59 |    37 |   103 |    10 |     3 |       |    20 |    13 ||   257
       Scimitar          |       |       |       |       |    61 |    99 |    54 |    20 |       ||   234
       Triple sword      |       |       |       |       |       |       |       |     3 |       ||     3
       Falchion          |       |       |       |       |       |       |       |     4 |       ||     4

Vault maps used:
D:1:      lightli_arrival_boilingwater
D:2:      first_bread, makhleb_heckhound_becter
D:3:      uniq_robin
D:4:      uniq_natasha
D:5:      nicolae_overflow_hidden_temple, elyvilon_altar_5, uniq_edmund
D:6:      nicolae_overflow_crystal_walls, minivault_22, hangedman_decor_growths,
          hangedman_decor_lopped, minmay_misc_feat_chi, nicolae_zen_rock_garden,
          roderic_lattice_a
D:7:      xom_redecorated, basic_altar
D:8:      nicolae_ossuary_entry_ruins, serial_shops, shop
D:10:     erik_lair_orcish_takeover, basic_altar
D:11:     grunt_livestock, uniq_gastronok
D:12:     serial_shops, shop, uniq_nessos, uniq_fannar, uniq_erolcha, uniq_kirke
D:13:     david_vaults_4, kennysheep_boxes
D:14:     minivault_25
D:15:     grunt_enter_depths_magical_seal, uniq_agnes
Temple:   nicolae_temple_figure_eight
Lair:1:   special_room, lab_entry_generic, grunt_megastairs_5
Lair:2:   spider_nest_entry_web_field, uniq_erica
Lair:3:   minmay_swamp_entry_worms, bh_autumn_forest_stairs, grunt_megastairs_1
Lair:4:   minivault_24
Lair:5:   slime_altar_1
Lair:6:   grunt_lair_end_beastmaster, grunt_megastairs_2, serial_bayou_shore_b,
          lemuel_fruit_tree
Swamp:1:  evilmike_swamp_ruin_rubble_1, swamp_pool1, uniq_nikola
Swamp:2:  basic_altar, uniq_jorgrun
Swamp:3:  evilmike_swamp_ruin_rubble_2
Swamp:4:  grunt_swamp_rune_castle
Spider:1: nicolae_spider_hall_of_the_moth_king
Spider:2: uniq_frances, uniq_arachne
Spider:3: spider_trap
Spider:4: grunt_spider_rune_parallel, uniq_asterion
Orc:1:    portal_ice_cave_entry_pillars_1
Orc:2:    grunt_orc_cross, basic_altar
Elf:1:    orc_legates, item_on_display_a
Elf:2:    serial_glass, glass_columns_c, glass_columns_a
Elf:3:    minmay_elf_hall_not_hex, special_room, uniq_mara, uniq_louise
Vaults:1: nicolae_vaults_little_squares_3, vaults_room_door_ring,
          st_smaller_cells, vaults_dpeg_doors, ontoclasm_vaults_twist,
          ontoclasm_vaults_hangar, grunt_vaults_hallway_short, serial_shops,
          shop
Vaults:2: nicolae_vaults_ring_of_whatevers, v_misc_18, grunt_vaults_twisty,
          vaults_room_pool, grunt_vaults_hallway_short, vaults_room_ringed_pool,
          v_misc_16, v_pattern_1, hangedman_vaults_hat, v_rooms_6
Vaults:3: v_misc_9, nicolae_vaults_alarming, v_misc_3,
          minmay_crypt_entry_necro_gods, ontoclasm_vaults_shuriken,
          nicolae_vaults_little_squares_4, v_misc_16, hangedman_vaults_snaps,
          nicolae_vaults_display_case, vaults_room_pools, vaults_room_pool,
          basic_altar, serial_glass, uniq_donald
Vaults:4: nicolae_vaults_lopsided_apartments, v_misc_28,
          hangedman_vaults_corner, nicolae_vaults_circle_grid_a, v_misc_17,
          v_rooms_5, v_misc_27, vaults_room_corners, vaults_room_door_hall,
          nicolae_vaults_hallways_thing, vaults_mumra_lcd,
          vaults_room_mumra_shop_pool, ontoclasm_vaults_misaligned,
          hangedman_vaults_stretched_pinwheel, serial_shops, shop_fountains
Vaults:5: uniq_margery
Depths:1: kennysheep_decorative_pillar, hell_entry, grunt_pan_entry_sceptre,
          minmay_misc_feat_hallway, spider_trap, minivault_22,
          kennysheep_windowed_goal
Depths:2: evilmike_negative_zone, abyss_entry, lightli_too_deep,
          serial_bayou_pond_c, rand_demon_pan_entry_1,
          infiniplex_staircase_pool_2, uniq_sojobo
Depths:3: minmay_imperfect_grid, rand_demon_pan_entry_3, old_standard_altar,
          hell_entry
Depths:4: grunt_deathspiral_large, abyss_entry, minmay_door_square, hell_entry
Abyss:3:  evilmike_abyss_exit_11, hangedman_illusive_loot,
          doesnt_abyss_rune_brain_food,
          hangedman_abyss_or_decor_jellyfish_corner
Lab:      labyrinth_spiral, nicolae_lab_x, nicolae_lab_dead_end,
          labyrinth_glass_1, nicolae_lab_t_cross, labyrinth_skeletal_remains,
          nicolae_lab_grate
Ossuary:  ossuary_due_pyramid
IceCv:    ice_cave_statue_garden_teleport
